Canucks vs Flyers
Created - March 17, 2020 at 08:16
Goals
|
| Canucks |
1 |
1 |
0 |
2 |
| Flyers |
0 |
2 |
4 |
6 |
|
Shots
|
| Canucks |
14 |
7 |
11 |
32 |
| Flyers |
8 |
7 |
8 |
23 |
|
1st period
1. Canucks , Brad Boyes 16 (Loui Eriksson 22) at 16:23
Penalties :
Tomas Kubalik (Phi) for Hooking (Minor) at 8:59, Jamie McBain (Van) for Hooking (Minor) at 14:03
2nd period
2. Flyers , Matt Smaby 2 (Chris Mcallister 10, Steve Mason) at 8:56
3. Canucks , Loui Eriksson 16 (Brad Boyes 10, Jonathan Blum 1) at 14:08
4. Flyers , Drew Miller 26 (Jeff Woywitka 17) at 16:22
Penalties :
Andrei Kostitsyn (Van) for Slashing (Double Minor) at 0:05, Jeremy Morin (Van) for Interference (Minor) at 18:53
3rd period
5. Flyers , Jeff Carter 22 (Jakub Voracek 29, Jonathan Ericsson 26) at 0:34 (PP)
6. Flyers , Chris Mcallister 14 (Ryan Callahan 11, Jeff Woywitka 18) at 5:41
7. Flyers , Ryan Callahan 6 (Chris Mcallister 11, Matthew Lombardi 13) at 6:35
8. Flyers , Tomas Kubalik 5 (Oliver Ekman-Larsson 18, Nathan Beaulieu 11) at 11:06
Penalties :
Brad Boyes (Van) for Slashing (Minor) at 7:17, Chris Mcallister (Phi) for Hooking (Minor) at 13:10, Jordan Nolan (Phi) for Hooking (Minor) at 17:37
Goalie Stats
Martin Jones (Van), 2 saves from 4 shots - (0.500), 14:19 minutes
Jacob Markstrom (Van), 15 saves from 19 shots - (0.789), L, 23-24-5, 45:41 minutes
Steve Mason (Phi), 30 saves from 32 shots - (0.938), W, 29-14-3, 60:00 minutes
Players Stats for Canucks
Player Name G A P +/- PIM S H SB GA TA FO MP PP MP PK MP
------------------------------------------------------------------------------------
Andrei Kostitsyn 0 0 0 -1 4 2 0 2 0 0 2/5 18:28 3:22 1:57
Andy Rogers 0 0 0 -1 0 1 1 0 0 1 0/0 20:41 2:11 3:55
Ben Lovejoy 0 0 0 -1 0 1 4 2 0 1 0/0 21:00 2:11 4:17
Brad Boyes 1 1 2 0 2 4 0 0 1 0 1/2 17:17 2:28 0:00
Brandon Saad 0 0 0 -1 0 0 1 0 0 0 0/1 6:34 0:00 1:19
Brandon Sutter 0 0 0 -1 0 1 0 1 1 0 2/7 12:58 0:07 1:22
Drew Fata 0 0 0 -3 0 1 0 1 1 0 0/0 28:33 3:46 5:28
Jack Skille 0 0 0 0 0 0 0 0 0 0 0/0 2:34 0:07 0:00
Jamie McBain 0 0 0 -3 2 1 0 1 1 3 0/0 27:19 3:46 4:12
Jason Zucker 0 0 0 -1 0 3 0 0 0 1 0/0 11:09 0:00 0:00
Jeremy Morin 0 0 0 -1 2 1 0 0 0 0 0/0 12:51 0:00 2:08
Jesper Fast 0 0 0 -1 0 1 0 0 0 0 0/0 4:53 0:00 0:00
Jonathan Blum 0 1 1 1 0 0 0 1 0 1 0/0 10:37 0:00 0:03
Jordie Benn 0 0 0 1 0 1 0 0 0 0 0/0 11:52 0:00 1:21
Loui Eriksson 1 1 2 0 0 6 3 0 0 0 1/1 17:00 2:28 0:00
Marc Savard 0 0 0 0 0 0 1 2 0 0 4/9 19:20 2:28 2:35
Nick Palmieri 0 0 0 -1 0 6 0 1 0 0 1/1 21:27 3:22 4:56
Robert Nilsson 0 0 0 -2 0 3 1 3 3 0 20/30 25:45 3:29 4:59
Players Stats for Flyers
Player Name G A P +/- PIM S H SB GA TA FO MP PP MP PK MP
------------------------------------------------------------------------------------
Brian Lashoff 0 0 0 3 0 0 0 4 0 0 0/0 13:27 0:34 3:37
Brock Nelson 0 0 0 0 0 1 1 1 0 0 0/2 13:03 0:00 0:38
Chris Mcallister 1 2 3 1 2 2 2 0 0 1 0/0 11:18 0:56 1:56
Drew Miller 1 0 1 2 0 1 0 0 0 1 0/1 17:54 4:54 1:16
J.T. Miller 0 0 0 0 0 1 2 0 1 0 0/1 18:03 3:48 2:07
Jakub Voracek 0 1 1 2 0 2 0 1 1 1 0/0 16:25 4:52 0:00
Jeff Carter 1 0 1 2 0 2 0 1 1 1 8/16 16:33 4:50 0:08
Jeff Woywitka 0 2 2 3 0 0 0 3 0 1 0/0 20:31 5:16 3:37
Jonathan Ericsson 0 1 1 1 0 0 5 1 2 0 0/0 24:20 5:16 0:00
Jordan Nolan 0 0 0 0 2 2 2 0 1 0 9/17 15:20 1:10 1:26
Marcus Kruger 0 0 0 0 0 1 3 0 0 0 2/6 17:14 3:38 1:18
Mats Zuccarello 0 0 0 0 0 0 1 0 1 0 0/1 15:54 3:48 0:00
Matt Smaby 1 0 1 1 0 1 5 0 0 1 0/0 21:59 0:34 2:20
Matthew Lombardi 0 1 1 1 0 0 1 0 0 0 6/11 10:54 0:00 3:05
Nathan Beaulieu 0 1 1 -1 0 1 0 1 0 0 0/0 17:30 3:48 0:00
Oliver Ekman-Larsson 0 1 1 -1 0 2 0 1 0 1 0/0 22:13 3:48 2:20
Ryan Callahan 1 1 2 1 0 3 0 0 0 0 0/0 9:15 0:58 0:00
Tomas Kubalik 1 0 1 0 2 4 0 0 0 0 0/1 12:07 0:00 0:00
3 Stars
1 - Chris Mcallister (Phi)
2 - Jeff Woywitka (Phi)
3 - Matt Smaby (Phi)
Power Play
Canucks - 0 on 3 Attempt(s) - 0.00%
Flyers - 1 on 5 Attempt(s) - 20.00%
Penalty Kill
Canucks - 4 on 5 Attempt(s) - 80.00%
- Score 0 goal in Penalty Kill
Flyers - 3 on 3 Attempt(s) - 100.00%
- Score 0 goal in Penalty Kill
Team Stat
Canucks - Hits : 11 - Faceoff Wins : 31 - Blocked Shots : 14 - Penalty Minutes : 10
Flyers - Hits : 22 - Faceoff Wins : 25 - Blocked Shots : 13 - Penalty Minutes : 6
Official
Referees : Unknown
Linesman : Unknown
Game Notes
Martin Jones enters game at 5:41 of 3rd period
Finance
Level 1 -- Attendance: 6000 (100.00%) -- Ticket Income $630,000
Level 2 -- Attendance: 4355 (87.10%) -- Ticket Income $304,850
Level 3 -- Attendance: 1622 (81.10%) -- Ticket Income $72,990
Level 4 -- Attendance: 2944 (73.60%) -- Ticket Income $88,320
Luxury Box -- Attendance: 1000 (100.00%) -- Ticket Income $180,000
Game was played at the Wells Fargo Center.
Total Attendance: 15921 (88.45%)
Total Ticket Income: $1,276,160
Other Income: $191,424
Total Income: $1,467,584
Canucks
5 vs 5 Forward
Center Left Wing Right Wing Time % Phy DF OF
1 Robert Nilsson Andrei Kostitsyn Nick Palmieri 40 1 2 2
2 Marc Savard Loui Eriksson Brad Boyes 30 1 2 2
3 Brandon Sutter Jason Zucker Jeremy Morin 20 1 2 2
4 Robert Nilsson Brandon Saad Jesper Fast 10 1 2 2
5 vs 5 Defense
Defense Defense Time % Phy DF OF
1 Jamie McBain Drew Fata 40 1 2 2
2 Ben Lovejoy Andy Rogers 30 1 2 2
3 Jonathan Blum Jordie Benn 20 1 2 2
4 Jamie McBain Drew Fata 10 1 2 2
PowerPlay Forward
Center Left Wing Right Wing Time % Phy DF OF
1 Robert Nilsson Andrei Kostitsyn Nick Palmieri 60 1 2 2
2 Marc Savard Loui Eriksson Brad Boyes 40 1 2 2
PowerPlay Defense
Defense Defense Time % Phy DF OF
1 Jamie McBain Drew Fata 60 1 2 2
2 Ben Lovejoy Andy Rogers 40 1 2 2
Penalty Kill 4 Players Forward
Center Wing Time % Phy DF OF
1 Robert Nilsson Nick Palmieri 60 1 2 2
2 Andrei Kostitsyn Marc Savard 40 1 2 2
Penalty Kill 4 Players Defense
Defense Defense Time % Phy DF OF
1 Jamie McBain Drew Fata 60 1 2 2
2 Ben Lovejoy Andy Rogers 40 1 2 2
Penalty Kill - 3 Players Forward
Forward Time % Phy DF OF
1 Robert Nilsson 60 1 2 2
2 Nick Palmieri 40 1 2 2
Penalty Kill - 3 Players Defense
Defense Defense Time % Phy DF OF
1 Jamie McBain Drew Fata 60 1 2 2
2 Ben Lovejoy Andy Rogers 40 1 2 2
4 vs 4 Forward
Center Wing Time % Phy DF OF
1 Robert Nilsson Nick Palmieri 60 1 2 2
2 Andrei Kostitsyn Marc Savard 40 1 2 2
4 vs 4 Defense
Defense Defense Time % Phy DF OF
1 Jamie McBain Drew Fata 60 1 2 2
2 Ben Lovejoy Andy Rogers 40 1 2 2
Last Minutes Offensive
Center Left Wing Right Wing Defense Defense
Robert Nilsson Andrei Kostitsyn Nick Palmieri Jamie McBain Drew Fata
Last Minutes Defensive
Center Left Wing Right Wing Defense Defense
Robert Nilsson Andrei Kostitsyn Nick Palmieri Jamie McBain Drew Fata
Goaltenders
Starting : Jacob Markstrom
Backup : Martin Jones
Extra Forwards
Normal : Jack Skille, Brandon Sutter, Jeremy Morin - PP : Jack Skille, Brandon Sutter - PK : Jeremy Morin
Extra Defensemen
Normal : Jonathan Blum, Jordie Benn, Ben Lovejoy - PP : Jonathan Blum - PK : Jordie Benn, Ben Lovejoy
Penalty Shots
Robert Nilsson, Nick Palmieri, Andrei Kostitsyn, Marc Savard, Loui Eriksson
Scratches
Kurtis Foster (Bruised Left Shoulder Injury), Colton Gillies (Healthy)
Flyers
5 vs 5 Forward
Center Left Wing Right Wing Time % Phy DF OF
1 Jeff Carter Drew Miller Jakub Voracek 30 0 1 4
2 Marcus Kruger J.T. Miller Mats Zuccarello 30 0 1 4
3 Jordan Nolan Brock Nelson Tomas Kubalik 30 0 2 3
4 Matthew Lombardi Chris Mcallister Ryan Callahan 10 1 3 1
5 vs 5 Defense
Defense Defense Time % Phy DF OF
1 Matt Smaby Jonathan Ericsson 40 1 2 2
2 Nathan Beaulieu Oliver Ekman-Larsson 30 1 2 2
3 Brian Lashoff Jeff Woywitka 20 1 2 2
4 Oliver Ekman-Larsson Jeff Woywitka 10 1 2 2
PowerPlay Forward
Center Left Wing Right Wing Time % Phy DF OF
1 Jeff Carter Drew Miller Jakub Voracek 60 0 0 5
2 Marcus Kruger J.T. Miller Mats Zuccarello 40 0 0 5
PowerPlay Defense
Defense Defense Time % Phy DF OF
1 Jonathan Ericsson Jeff Woywitka 60 0 2 3
2 Oliver Ekman-Larsson Nathan Beaulieu 40 0 2 3
Penalty Kill 4 Players Forward
Center Wing Time % Phy DF OF
1 Matthew Lombardi Chris Mcallister 60 0 4 1
2 Jordan Nolan Drew Miller 40 0 4 1
Penalty Kill 4 Players Defense
Defense Defense Time % Phy DF OF
1 Brian Lashoff Jeff Woywitka 60 1 4 0
2 Matt Smaby Oliver Ekman-Larsson 40 1 4 0
Penalty Kill - 3 Players Forward
Forward Time % Phy DF OF
1 Matthew Lombardi 60 0 4 1
2 Jordan Nolan 40 0 4 1
Penalty Kill - 3 Players Defense
Defense Defense Time % Phy DF OF
1 Brian Lashoff Jeff Woywitka 60 1 4 0
2 Matt Smaby Oliver Ekman-Larsson 40 1 4 0
4 vs 4 Forward
Center Wing Time % Phy DF OF
1 Jeff Carter J.T. Miller 60 0 2 3
2 Marcus Kruger Drew Miller 40 0 2 3
4 vs 4 Defense
Defense Defense Time % Phy DF OF
1 Jonathan Ericsson Matt Smaby 60 0 3 2
2 Nathan Beaulieu Oliver Ekman-Larsson 40 0 3 2
Last Minutes Offensive
Center Left Wing Right Wing Defense Defense
Jeff Carter Drew Miller Jakub Voracek Oliver Ekman-Larsson Jeff Woywitka
Last Minutes Defensive
Center Left Wing Right Wing Defense Defense
Matthew Lombardi Chris Mcallister Ryan Callahan Oliver Ekman-Larsson Jeff Woywitka
Goaltenders
Starting : Steve Mason
Backup : Cam Ward
Extra Forwards
Normal : Jeff Carter, Chris Mcallister, Drew Miller - PP : Jeff Carter, Drew Miller - PK : Chris Mcallister
Extra Defensemen
Normal : Brian Lashoff, Nathan Beaulieu, Matt Smaby - PP : Brian Lashoff - PK : Nathan Beaulieu, Matt Smaby
Penalty Shots
Jeff Carter, Jordan Nolan, J.T. Miller, Jakub Voracek, Ryan Callahan
Scratches
Tyler Brenner (Healthy)
% Time on Ice - Canucks
Lines # - Real PCT - Wanted PCT - Time Play
Normal Forward
1 - 31% - 40% - 13:51
2 - 33% - 30% - 14:32
3 - 25% - 20% - 11:09
4 - 11% - 10% - 4:53
Normal Defense
1 - 40% - 40% - 17:45
2 - 33% - 30% - 14:32
3 - 24% - 20% - 10:31
4 - 4% - 10% - 1:37
PP Forward
1 - 59% - 60% - 3:29
2 - 41% - 40% - 2:28
PP Defense
1 - 63% - 60% - 3:46
2 - 37% - 40% - 2:11
PK Forward
1 - 73% - 60% - 7:03
2 - 27% - 40% - 2:35
PK Defense
1 - 61% - 60% - 5:51
2 - 39% - 40% - 3:47
PK3 Forward
1 - 0% - 60%
2 - 0% - 40%
PK3 Defense
1 - 0% - 60%
2 - 0% - 40%
44 Forward
1 - 0% - 60%
2 - 0% - 40%
44 Defense
1 - 0% - 60%
2 - 0% - 40%
Last Minute Offensive - 0:00
Last Minute Defensive - 0:00
Total
Forward - 60:00
Defense - 60:00
|
% Time on Ice - Flyers
Lines # - Real PCT - Wanted PCT - Time Play
Normal Forward
1 - 28% - 30% - 12:22
2 - 27% - 30% - 12:08
3 - 27% - 30% - 12:06
4 - 18% - 10% - 7:49
Normal Defense
1 - 44% - 40% - 19:27
2 - 31% - 30% - 13:44
3 - 20% - 20% - 8:53
4 - 5% - 10% - 2:21
PP Forward
1 - 61% - 60% - 5:50
2 - 39% - 40% - 3:48
PP Defense
1 - 61% - 60% - 5:50
2 - 39% - 40% - 3:48
PK Forward
1 - 82% - 60% - 4:53
2 - 18% - 40% - 1:04
PK Defense
1 - 61% - 60% - 3:37
2 - 39% - 40% - 2:20
PK3 Forward
1 - 0% - 60%
2 - 0% - 40%
PK3 Defense
1 - 0% - 60%
2 - 0% - 40%
44 Forward
1 - 0% - 60%
2 - 0% - 40%
44 Defense
1 - 0% - 60%
2 - 0% - 40%
Last Minute Offensive - 0:00
Last Minute Defensive - 0:00
Total
Forward - 60:00
Defense - 60:00
|
Play-by-Play
1st period
0:01 of 1st period - Jeff Carter wins face-off versus Robert Nilsson in neutral zone.
0:52 of 1st period - Snap shot by Jeff Carter.
0:52 of 1st period - Stopped by Jacob Markstrom without a rebound.
0:53 of 1st period - Loui Eriksson wins face-off versus Marcus Kruger in Canucks zone.
1:24 of 1st period - Slapshot by Oliver Ekman-Larsson.
1:24 of 1st period - Shot Blocked by Jonathan Blum.
1:28 of 1st period - Snap shot by Jordan Nolan.
1:28 of 1st period - Shot Blocked by Robert Nilsson.
1:30 of 1st period - Wrist shot by Brock Nelson.
1:30 of 1st period - Deflect By Tomas Kubalik.
1:30 of 1st period - Stopped by Jacob Markstrom with a rebound.
1:32 of 1st period - Slapshot by Oliver Ekman-Larsson.
1:32 of 1st period - Deflect By Jordan Nolan.
1:32 of 1st period - Shot Misses the Net.
1:32 of 1st period - Puck is out of play.
1:33 of 1st period - Matthew Lombardi wins face-off versus Andrei Kostitsyn in Canucks zone.
1:36 of 1st period - Snap shot by Ryan Callahan.
1:36 of 1st period - Stopped by Jacob Markstrom with a rebound.
1:38 of 1st period - Snap shot by Matthew Lombardi.
1:38 of 1st period - Deflect By Jamie McBain.
1:38 of 1st period - Shot Blocked by Jamie McBain.
1:38 of 1st period - Puck is out of play.
1:39 of 1st period - Robert Nilsson wins face-off versus Matthew Lombardi in Canucks zone.
2:01 of 1st period - Icing by Andrei Kostitsyn.
2:02 of 1st period - Marc Savard wins face-off versus Brock Nelson in Canucks zone.
2:11 of 1st period - Slapshot by Loui Eriksson.
2:11 of 1st period - Shot Blocked by Jeff Woywitka.
2:33 of 1st period - Wrist shot by Jason Zucker.
2:33 of 1st period - Stopped by Steve Mason without a rebound.
2:34 of 1st period - Marcus Kruger wins face-off versus Brandon Sutter in Flyers zone.
2:41 of 1st period - Wrist shot by Mats Zuccarello.
2:41 of 1st period - Deflect By Marcus Kruger.
2:41 of 1st period - Stopped by Jacob Markstrom without a rebound.
2:42 of 1st period - Marcus Kruger wins face-off versus Andrei Kostitsyn in Canucks zone.
3:03 of 1st period - Nick Palmieri is hit by Matt Smaby and loses puck.
4:22 of 1st period - Icing by Ben Lovejoy.
4:23 of 1st period - Marc Savard wins face-off versus J.T. Miller in Canucks zone.
4:38 of 1st period - Snap shot by Mats Zuccarello.
4:38 of 1st period - Shot Misses the Net.
5:46 of 1st period - Wrist shot by Loui Eriksson.
5:46 of 1st period - Shot Misses the Net.
5:48 of 1st period - Backhand shot by Loui Eriksson.
5:48 of 1st period - Stopped by Steve Mason without a rebound.
5:49 of 1st period - Robert Nilsson wins face-off versus Tomas Kubalik in Flyers zone.
6:25 of 1st period - Slapshot by Brandon Sutter.
6:25 of 1st period - Deflect By Jason Zucker.
6:25 of 1st period - Stopped by Steve Mason without a rebound.
6:26 of 1st period - Brandon Sutter wins face-off versus Jeff Carter in Flyers zone.
6:43 of 1st period - Off-side.
6:44 of 1st period - Robert Nilsson wins face-off versus Jordan Nolan in neutral zone.
6:59 of 1st period - Snap shot by Tomas Kubalik.
6:59 of 1st period - Stopped by Jacob Markstrom without a rebound.
7:00 of 1st period - Jeff Carter wins face-off versus Robert Nilsson in Canucks zone.
7:13 of 1st period - Slapshot by Robert Nilsson.
7:13 of 1st period - Shot Misses the Net.
7:15 of 1st period - Slapshot by Jordie Benn.
7:15 of 1st period - Deflect By Drew Miller.
7:15 of 1st period - Stopped by Steve Mason with a rebound.
8:15 of 1st period - Snap shot by Jamie McBain.
8:15 of 1st period - Deflect By Jesper Fast.
8:15 of 1st period - Stopped by Steve Mason with a rebound.
8:17 of 1st period - Slapshot by Drew Fata.
8:17 of 1st period - Stopped by Steve Mason with a rebound.
8:19 of 1st period - Snap shot by Robert Nilsson.
8:19 of 1st period - Stopped by Steve Mason with a rebound.
8:55 of 1st period - Slapshot by Loui Eriksson.
8:55 of 1st period - Stopped by Steve Mason without a rebound.
8:56 of 1st period - Jordan Nolan wins face-off versus Brandon Sutter in Flyers zone.
8:56 of 1st period - Jordan Nolan is hit by Ben Lovejoy.
8:59 of 1st period - Minor Penalty to Tomas Kubalik for Hooking.
9:00 of 1st period - Robert Nilsson wins face-off versus Matthew Lombardi in Flyers zone.
9:12 of 1st period - Slapshot by Jamie McBain.
9:12 of 1st period - Shot Blocked by Brian Lashoff.
10:59 of 1st period - Penalty to Tomas Kubalik is over, Tomas Kubalik is back on ice.
11:26 of 1st period - Backhand shot by Jamie McBain.
11:26 of 1st period - Shot Hit the Post.
12:04 of 1st period - Jordie Benn is hit by Brock Nelson and loses puck.
12:28 of 1st period - Snap shot by Loui Eriksson.
12:28 of 1st period - Stopped by Steve Mason with a rebound.
13:19 of 1st period - Loui Eriksson is hit by Chris Mcallister and loses puck.
13:28 of 1st period - Snap shot by Chris Mcallister.
13:28 of 1st period - Shot Blocked by Marc Savard.
13:30 of 1st period - Slapshot by Oliver Ekman-Larsson.
13:30 of 1st period - Shot Misses the Net.
13:32 of 1st period - Snap shot by Chris Mcallister.
13:32 of 1st period - Stopped by Jacob Markstrom with a rebound.
13:58 of 1st period - Backhand shot by J.T. Miller.
13:58 of 1st period - Shot Misses the Net.
14:03 of 1st period - Minor Penalty to Jamie McBain for Hooking.
14:04 of 1st period - Jeff Carter wins face-off versus Robert Nilsson in Canucks zone.
14:04 of 1st period - Snap shot by Jakub Voracek.
14:04 of 1st period - Stopped by Jacob Markstrom without a rebound.
14:05 of 1st period - Robert Nilsson wins face-off versus Jeff Carter in Canucks zone.
16:03 of 1st period - Penalty to Jamie McBain is over, Jamie McBain is back on ice.
16:05 of 1st period - Snap shot by Nick Palmieri.
16:05 of 1st period - Stopped by Steve Mason without a rebound.
16:06 of 1st period - Marc Savard wins face-off versus Jordan Nolan in Flyers zone.
16:13 of 1st period - Snap shot by Loui Eriksson.
16:13 of 1st period - Stopped by Steve Mason without a rebound.
16:14 of 1st period - Marc Savard wins face-off versus Brock Nelson in Flyers zone.
16:15 of 1st period - Wrist shot by Brad Boyes.
16:15 of 1st period - Stopped by Steve Mason without a rebound.
16:16 of 1st period - Jordan Nolan wins face-off versus Marc Savard in Flyers zone.
16:23 of 1st period - Slapshot by Brad Boyes.
16:23 of 1st period - Goal by Brad Boyes - Canucks : 1 - Flyers : 0.
16:24 of 1st period - Robert Nilsson wins face-off versus Jordan Nolan in neutral zone.
17:35 of 1st period - Snap shot by Andrei Kostitsyn.
17:35 of 1st period - Shot Blocked by Oliver Ekman-Larsson.
17:53 of 1st period - Robert Nilsson is hit by Jordan Nolan and loses puck.
18:00 of 1st period - Snap shot by Jordan Nolan.
18:00 of 1st period - Stopped by Jacob Markstrom without a rebound.
18:01 of 1st period - Jordan Nolan wins face-off versus Marc Savard in Canucks zone.
18:02 of 1st period - Snap shot by Brock Nelson.
18:02 of 1st period - Deflect By Tomas Kubalik.
18:02 of 1st period - Shot Misses the Net.
18:02 of 1st period - Puck is out of play.
18:03 of 1st period - Brad Boyes wins face-off versus Jordan Nolan in Canucks zone.
18:37 of 1st period - Snap shot by Robert Nilsson.
18:37 of 1st period - Shot Misses the Net.
18:39 of 1st period - Snap shot by Nick Palmieri.
18:39 of 1st period - Stopped by Steve Mason with a rebound.
18:41 of 1st period - Slapshot by Jordie Benn.
18:41 of 1st period - Shot Misses the Net.
19:59 of 1st period - Wrist shot by Drew Miller.
19:59 of 1st period - Shot Misses the Net.
Goals for this period are 1 for Canucks vs 0 for Flyers.
Shots for this period are 14 for Canucks vs 8 for Flyers.
2nd period
0:01 of 2nd period - Jordan Nolan wins face-off versus Robert Nilsson in neutral zone.
0:05 of 2nd period - Double Minor Penalty to Andrei Kostitsyn for Slashing.
0:06 of 2nd period - Robert Nilsson wins face-off versus Jeff Carter in Canucks zone.
1:01 of 2nd period - Slapshot by Marc Savard.
1:01 of 2nd period - Shot Misses the Net.
1:33 of 2nd period - Ben Lovejoy is hit by Jonathan Ericsson and loses puck.
2:16 of 2nd period - Marc Savard is hit by Chris Mcallister.
2:34 of 2nd period - Oliver Ekman-Larsson is hit by Ben Lovejoy.
4:05 of 2nd period - Penalty to Andrei Kostitsyn is over, Andrei Kostitsyn is back on ice.
4:44 of 2nd period - Matthew Lombardi is hit by Marc Savard and loses puck.
5:05 of 2nd period - Brock Nelson is hit by Brandon Saad and loses puck.
5:12 of 2nd period - Jamie McBain is hit by Jonathan Ericsson and loses puck.
6:58 of 2nd period - Jeff Woywitka is hit by Ben Lovejoy and loses puck.
7:20 of 2nd period - Jason Zucker is hit by Jonathan Ericsson and loses puck.
7:25 of 2nd period - Backhand shot by J.T. Miller.
7:25 of 2nd period - Shot Blocked by Brandon Sutter.
7:27 of 2nd period - Backhand shot by Oliver Ekman-Larsson.
7:27 of 2nd period - Stopped by Jacob Markstrom without a rebound.
7:28 of 2nd period - Robert Nilsson wins face-off versus Jeff Carter in Canucks zone.
7:43 of 2nd period - Snap shot by Jeff Carter.
7:43 of 2nd period - Shot Blocked by Robert Nilsson.
7:55 of 2nd period - Loui Eriksson is hit by J.T. Miller and loses puck.
8:56 of 2nd period - Slapshot by Matt Smaby.
8:56 of 2nd period - Goal by Matt Smaby - Canucks : 1 - Flyers : 1.
8:57 of 2nd period - Robert Nilsson wins face-off versus Jeff Carter in neutral zone.
9:08 of 2nd period - Wrist shot by Andrei Kostitsyn.
9:08 of 2nd period - Shot Blocked by Nathan Beaulieu.
9:10 of 2nd period - Slapshot by Ben Lovejoy.
9:10 of 2nd period - Stopped by Steve Mason with a rebound.
9:12 of 2nd period - Slapshot by Andy Rogers.
9:12 of 2nd period - Shot Misses the Net.
9:14 of 2nd period - Slapshot by Andrei Kostitsyn.
9:14 of 2nd period - Shot Blocked by Jeff Carter.
9:24 of 2nd period - Loui Eriksson is hit by Marcus Kruger and loses puck.
10:09 of 2nd period - Nick Palmieri is hit by Matthew Lombardi and loses puck.
10:30 of 2nd period - Snap shot by Jakub Voracek.
10:30 of 2nd period - Shot Blocked by Marc Savard.
10:49 of 2nd period - Jonathan Blum is hit by Marcus Kruger.
10:54 of 2nd period - Off-side.
10:55 of 2nd period - Andrei Kostitsyn wins face-off versus Marcus Kruger in neutral zone.
11:02 of 2nd period - Slapshot by Nick Palmieri.
11:02 of 2nd period - Stopped by Steve Mason with a rebound.
11:20 of 2nd period - Robert Nilsson is hit by J.T. Miller and loses puck.
11:27 of 2nd period - Snap shot by J.T. Miller.
11:27 of 2nd period - Stopped by Jacob Markstrom with a rebound.
11:29 of 2nd period - Snap shot by Nathan Beaulieu.
11:29 of 2nd period - Deflect By J.T. Miller.
11:29 of 2nd period - Shot Blocked by Andrei Kostitsyn.
11:29 of 2nd period - Puck is out of play.
11:30 of 2nd period - Jordan Nolan wins face-off versus Brad Boyes in Canucks zone.
11:41 of 2nd period - Slapshot by Drew Fata.
11:41 of 2nd period - Shot Misses the Net.
12:37 of 2nd period - Slapshot by Tomas Kubalik.
12:37 of 2nd period - Shot Misses the Net.
12:39 of 2nd period - Snap shot by Tomas Kubalik.
12:39 of 2nd period - Stopped by Jacob Markstrom with a rebound.
12:41 of 2nd period - Slapshot by Brian Lashoff.
12:41 of 2nd period - Shot Blocked by Robert Nilsson.
12:43 of 2nd period - Wrist shot by Brock Nelson.
12:43 of 2nd period - Deflect By Tomas Kubalik.
12:43 of 2nd period - Deflect By Drew Fata.
12:43 of 2nd period - Shot Misses the Net.
12:43 of 2nd period - Puck is out of play.
12:44 of 2nd period - Jeff Carter wins face-off versus Marc Savard in Canucks zone.
12:52 of 2nd period - Wrist shot by Marc Savard.
12:52 of 2nd period - Shot Misses the Net.
12:54 of 2nd period - Slapshot by Andy Rogers.
12:54 of 2nd period - Stopped by Steve Mason without a rebound.
12:55 of 2nd period - Jordan Nolan wins face-off versus Marc Savard in Flyers zone.
13:00 of 2nd period - Jonathan Ericsson is hit by Ben Lovejoy and loses puck.
14:08 of 2nd period - Wrist shot by Loui Eriksson.
14:08 of 2nd period - Goal by Loui Eriksson - Canucks : 2 - Flyers : 1.
14:09 of 2nd period - Jordan Nolan wins face-off versus Robert Nilsson in neutral zone.
14:43 of 2nd period - Wrist shot by Brad Boyes.
14:43 of 2nd period - Shot Blocked by Brian Lashoff.
15:43 of 2nd period - Snap shot by Jordan Nolan.
15:43 of 2nd period - Stopped by Jacob Markstrom with a rebound.
15:45 of 2nd period - Slapshot by Nathan Beaulieu.
15:45 of 2nd period - Stopped by Jacob Markstrom with a rebound.
16:14 of 2nd period - Off-side.
16:15 of 2nd period - Jeff Carter wins face-off versus Brandon Saad in neutral zone.
16:22 of 2nd period - Snap shot by Drew Miller.
16:22 of 2nd period - Goal by Drew Miller - Canucks : 2 - Flyers : 2.
16:23 of 2nd period - Jordan Nolan wins face-off versus Robert Nilsson in neutral zone.
16:48 of 2nd period - Robert Nilsson is hit by Matt Smaby and loses puck.
17:39 of 2nd period - Snap shot by Brandon Sutter.
17:39 of 2nd period - Stopped by Steve Mason with a rebound.
18:04 of 2nd period - Jesper Fast is hit by Jonathan Ericsson and loses puck.
18:17 of 2nd period - Wrist shot by Brad Boyes.
18:17 of 2nd period - Stopped by Steve Mason with a rebound.
18:21 of 2nd period - Wrist shot by Loui Eriksson.
18:21 of 2nd period - Stopped by Steve Mason with a rebound.
18:23 of 2nd period - Snap shot by Drew Fata.
18:23 of 2nd period - Shot Blocked by Jeff Woywitka.
18:53 of 2nd period - Minor Penalty to Jeremy Morin for Interference.
18:54 of 2nd period - Jeff Carter wins face-off versus Robert Nilsson in Canucks zone.
19:03 of 2nd period - Slapshot by Jeff Carter.
19:03 of 2nd period - Shot Misses the Net.
Goals for this period are 1 for Canucks vs 2 for Flyers.
Shots for this period are 7 for Canucks vs 7 for Flyers.
3rd period
0:01 of 3rd period - Jeff Carter wins face-off versus Robert Nilsson in neutral zone.
0:08 of 3rd period - Snap shot by Jakub Voracek.
0:08 of 3rd period - Stopped by Jacob Markstrom without a rebound.
0:09 of 3rd period - Robert Nilsson wins face-off versus Jeff Carter in Canucks zone.
0:34 of 3rd period - Snap shot by Jeff Carter.
0:34 of 3rd period - Goal by Jeff Carter - Canucks : 2 - Flyers : 3.
0:35 of 3rd period - Jordan Nolan wins face-off versus Andrei Kostitsyn in neutral zone.
1:41 of 3rd period - Icing by Chris Mcallister.
1:42 of 3rd period - Robert Nilsson wins face-off versus Matthew Lombardi in Flyers zone.
1:47 of 3rd period - Slapshot by Andrei Kostitsyn.
1:47 of 3rd period - Stopped by Steve Mason with a rebound.
1:57 of 3rd period - Snap shot by Oliver Ekman-Larsson.
1:57 of 3rd period - Stopped by Jacob Markstrom without a rebound.
1:58 of 3rd period - Robert Nilsson wins face-off versus Jordan Nolan in Canucks zone.
2:02 of 3rd period - Off-side.
2:03 of 3rd period - Robert Nilsson wins face-off versus Jordan Nolan in neutral zone.
2:18 of 3rd period - Snap shot by Robert Nilsson.
2:18 of 3rd period - Shot Blocked by Brock Nelson.
2:20 of 3rd period - Snap shot by Andrei Kostitsyn.
2:20 of 3rd period - Stopped by Steve Mason with a rebound.
2:34 of 3rd period - Ben Lovejoy is hit by Mats Zuccarello and loses puck.
3:55 of 3rd period - Snap shot by Matthew Lombardi.
3:55 of 3rd period - Deflect By Jamie McBain.
3:55 of 3rd period - Shot Misses the Net.
3:55 of 3rd period - Puck is out of play.
3:56 of 3rd period - Robert Nilsson wins face-off versus Mats Zuccarello in Canucks zone.
5:02 of 3rd period - Andrei Kostitsyn is hit by Marcus Kruger and loses puck.
5:11 of 3rd period - Nick Palmieri is hit by Matt Smaby and loses puck.
5:25 of 3rd period - Icing by Jeff Woywitka.
5:26 of 3rd period - Matthew Lombardi wins face-off versus Marc Savard in Flyers zone.
5:41 of 3rd period - Wrist shot by Chris Mcallister.
5:41 of 3rd period - Goal by Chris Mcallister - Canucks : 2 - Flyers : 4.
5:41 of 3rd period - Martin Jones enters game.
5:42 of 3rd period - Robert Nilsson wins face-off versus Jordan Nolan in neutral zone.
5:55 of 3rd period - Wrist shot by Tomas Kubalik.
5:55 of 3rd period - Deflect By Brock Nelson.
5:55 of 3rd period - Stopped by Martin Jones with a rebound.
6:09 of 3rd period - Jakub Voracek is hit by Loui Eriksson and loses puck.
6:31 of 3rd period - Wrist shot by Ryan Callahan.
6:31 of 3rd period - Stopped by Martin Jones without a rebound.
6:32 of 3rd period - Matthew Lombardi wins face-off versus Brandon Sutter in Canucks zone.
6:35 of 3rd period - Snap shot by Ryan Callahan.
6:35 of 3rd period - Goal by Ryan Callahan - Canucks : 2 - Flyers : 5.
6:36 of 3rd period - Robert Nilsson wins face-off versus Marcus Kruger in neutral zone.
7:17 of 3rd period - Minor Penalty to Brad Boyes for Slashing.
7:18 of 3rd period - Robert Nilsson wins face-off versus Drew Miller in Canucks zone.
7:25 of 3rd period - Snap shot by Ben Lovejoy.
7:25 of 3rd period - Shot Blocked by Jakub Voracek.
9:13 of 3rd period - Jamie McBain is hit by Jordan Nolan and loses puck.
9:17 of 3rd period - Penalty to Brad Boyes is over, Brad Boyes is back on ice.
9:26 of 3rd period - Snap shot by Jamie McBain.
9:26 of 3rd period - Shot Blocked by Jonathan Ericsson.
9:46 of 3rd period - Snap shot by Loui Eriksson.
9:46 of 3rd period - Shot Misses the Net.
9:59 of 3rd period - Off-side.
10:00 of 3rd period - Matthew Lombardi wins face-off versus Brandon Sutter in neutral zone.
10:11 of 3rd period - Snap shot by Chris Mcallister.
10:11 of 3rd period - Shot Blocked by Ben Lovejoy.
10:25 of 3rd period - Marcus Kruger is hit by Andy Rogers and loses puck.
10:50 of 3rd period - Snap shot by Nick Palmieri.
10:50 of 3rd period - Stopped by Steve Mason without a rebound.
10:51 of 3rd period - Robert Nilsson wins face-off versus Jordan Nolan in Flyers zone.
11:00 of 3rd period - Slapshot by Nathan Beaulieu.
11:00 of 3rd period - Shot Blocked by Drew Fata.
11:02 of 3rd period - Slapshot by Nathan Beaulieu.
11:02 of 3rd period - Shot Blocked by Andrei Kostitsyn.
11:04 of 3rd period - Snap shot by Oliver Ekman-Larsson.
11:04 of 3rd period - Shot Misses the Net.
11:06 of 3rd period - Snap shot by Tomas Kubalik.
11:06 of 3rd period - Goal by Tomas Kubalik - Canucks : 2 - Flyers : 6.
11:07 of 3rd period - Andrei Kostitsyn wins face-off versus Marcus Kruger in neutral zone.
11:18 of 3rd period - Backhand shot by Robert Nilsson.
11:18 of 3rd period - Stopped by Steve Mason with a rebound.
11:43 of 3rd period - Slapshot by Jamie McBain.
11:43 of 3rd period - Stopped by Steve Mason with a rebound.
11:45 of 3rd period - Snap shot by Brandon Sutter.
11:45 of 3rd period - Shot Blocked by Brian Lashoff.
13:01 of 3rd period - Loui Eriksson is hit by Jonathan Ericsson.
13:10 of 3rd period - Minor Penalty to Chris Mcallister for Hooking.
13:11 of 3rd period - Robert Nilsson wins face-off versus Matthew Lombardi in Flyers zone.
13:15 of 3rd period - Snap shot by Nick Palmieri.
13:15 of 3rd period - Stopped by Steve Mason without a rebound.
13:16 of 3rd period - Nick Palmieri wins face-off versus Matthew Lombardi in Flyers zone.
13:25 of 3rd period - Snap shot by Robert Nilsson.
13:25 of 3rd period - Stopped by Steve Mason without a rebound.
13:26 of 3rd period - Matthew Lombardi wins face-off versus Robert Nilsson in Flyers zone.
13:53 of 3rd period - Brian Lashoff is hit by Loui Eriksson and loses puck.
14:02 of 3rd period - Wrist shot by Loui Eriksson.
14:02 of 3rd period - Shot Blocked by Brian Lashoff.
14:04 of 3rd period - Snap shot by Marc Savard.
14:04 of 3rd period - Shot Blocked by Jeff Woywitka.
14:26 of 3rd period - Jordan Nolan is hit by Robert Nilsson and loses puck.
14:59 of 3rd period - Marcus Kruger is hit by Loui Eriksson and loses puck.
15:10 of 3rd period - Penalty to Chris Mcallister is over, Chris Mcallister is back on ice.
15:28 of 3rd period - Slapshot by Jason Zucker.
15:28 of 3rd period - Stopped by Steve Mason without a rebound.
15:29 of 3rd period - Brandon Sutter wins face-off versus Jeff Carter in Flyers zone.
15:30 of 3rd period - Wrist shot by Jeremy Morin.
15:30 of 3rd period - Stopped by Steve Mason without a rebound.
15:31 of 3rd period - Jeff Carter wins face-off versus Brandon Sutter in Flyers zone.
16:04 of 3rd period - Slapshot by Oliver Ekman-Larsson.
16:04 of 3rd period - Shot Misses the Net.
16:06 of 3rd period - Snap shot by Oliver Ekman-Larsson.
16:06 of 3rd period - Shot Misses the Net.
16:08 of 3rd period - Wrist shot by Marcus Kruger.
16:08 of 3rd period - Shot Misses the Net.
16:10 of 3rd period - Slapshot by Oliver Ekman-Larsson.
16:10 of 3rd period - Shot Blocked by Nick Palmieri.
16:20 of 3rd period - Andy Rogers is hit by Matt Smaby and loses puck.
16:45 of 3rd period - Snap shot by Brock Nelson.
16:45 of 3rd period - Shot Blocked by Ben Lovejoy.
16:55 of 3rd period - Snap shot by Loui Eriksson.
16:55 of 3rd period - Shot Misses the Net.
17:01 of 3rd period - Slapshot by Brad Boyes.
17:01 of 3rd period - Stopped by Steve Mason without a rebound.
17:02 of 3rd period - Robert Nilsson wins face-off versus Jeff Carter in Flyers zone.
17:17 of 3rd period - Drew Fata is hit by Matt Smaby and loses puck.
17:37 of 3rd period - Minor Penalty to Jordan Nolan for Hooking.
17:38 of 3rd period - Matthew Lombardi wins face-off versus Robert Nilsson in Flyers zone.
17:55 of 3rd period - Wrist shot by Nick Palmieri.
17:55 of 3rd period - Stopped by Steve Mason with a rebound.
19:37 of 3rd period - Penalty to Jordan Nolan is over, Jordan Nolan is back on ice.
Goals for this period are 0 for Canucks vs 4 for Flyers.
Shots for this period are 11 for Canucks vs 8 for Flyers.
Back to the Top